 Dungeon Crawl Stone Soup version 0.30.0-5-g1a98f26d00 (webtiles) character file.

Game seed: 5987524218871844550

80 javelincjr the Firebug (level 4, -2/30 HPs)
             Began as a Demonspawn Fire Elementalist on May 12, 2023.
             Was an Initiate of Yredelemnul.
             Slain by a scorpion (3 damage)
             ... on level 4 of the Dungeon.
             The game lasted 00:08:02 (2644 turns).

javelincjr the Firebug (DsFE)                       Turns: 2644, Time: 00:08:05

Health: -2/30      AC:  4    Str:  8    XL:     4   Next: 18%
Magic:  0/7        EV: 12    Int: 19    God:    Yredelemnul [......]
Gold:   219        SH:  0    Dex: 13    Spells: 7/8 levels left

rFire   + . .        f - +0 dagger
rCold   x . .        (no shield)
rNeg    . . .        a - +0 robe
rPois   .            (helmet restricted)
rElec   .            (no cloak)
rCorr   .            (no gloves)
SInv    +            (no boots)
Will    .....        (no amulet)
Stlth   ++           i - ring of see invisible
HPRegen 0.25/turn    p - ring of fire
MPRegen 0.10/turn

%: no passive effects
@: lethally poisoned (-2 -> -14), very slightly contaminated
A: horns 1, slimy green scales 1, demonic guardian 1
a: Renounce Religion, Recall Undead Harvest


You were on level 4 of the Dungeon.
You worshipped Yredelemnul.
Yredelemnul was noncommittal.
You visited 1 branch of the dungeon, and saw 4 of its levels.

You collected 219 gold pieces.

Inventory:

Hand Weapons
 f - a +0 dagger (weapon)
Armour
 a - a +0 robe (worn)
 l - a +0 helmet
Jewellery
 i - a ring of see invisible (left hand)
 p - a ring of fire (right hand)
Scrolls
 c - a scroll of amnesia {unknown}
 d - 4 scrolls of teleportation {unknown}
 g - 2 scrolls of vulnerability {unknown}
 k - a scroll of blinking {unknown}
 m - a scroll of silence {unknown}
 n - a scroll of fear {unknown}
 o - 3 scrolls of immolation {unknown}
 q - a scroll of magic mapping {unknown}
Potions
 b - a potion of magic
 e - 4 potions of mutation {unknown}
 h - a potion of curing {unknown}
 j - a potion of invisibility {unknown}
 r - 2 potions of heal wounds {unknown}
 s - 2 potions of degeneration {unknown}


   Skills:
 + Level 2.3 Dodging
 + Level 2.4 Stealth
 + Level 2.6 Spellcasting
 + Level 2.0 Conjurations
 + Level 3.1 Fire Magic


You had 7 spell levels left.
You knew the following spells:

 Your Spells              Type           Power      Damage    Failure   Level
a - Foxfire               Conj/Fire      72%        2x1d7     5%          1

Your spell library contained the following spells:

 Spells                   Type           Power      Damage    Failure   Level
 Scorch                   Fire           42%        2d7       7%          2
 Inner Flame              Hex/Fire       12%        N/A       26%         3
 Volatile Blastmotes      Fire/Tloc      24%        2d12      26%         3
 Flame Wave               Conj/Fire      18%        2d7       50%         4


Dungeon Overview and Level Annotations

Branches:
Dungeon (4/15)
 Temple: D:4-7

Altars:
Xom
Yredelemnul


Innate Abilities, Weirdness & Mutations

You have a pair of small horns on your head.
You are partially covered in slimy green scales. (AC +2)
A weak demonic guardian rushes to your aid.


Message History

The scorpion attacks as you move away!
The scorpion stings you but does no damage.
The foxfire hits the scorpion but does no damage.
The scorpion is severely wounded.
The foxfire hits the scorpion but does no damage.
The scorpion is severely wounded.
You hit the scorpion. Your headbutt misses the scorpion.
The scorpion is severely wounded.
The scorpion barely misses you. The scorpion stings you.
You are poisoned.
The scorpion poisons you!
You hit the scorpion but do no damage.
The scorpion is severely wounded.
You feel sick. The scorpion barely misses you.
You hit the scorpion but do no damage.
The scorpion is severely wounded.
You feel sick. The scorpion stings you.
You are more poisoned.
The scorpion poisons you!
You closely miss the scorpion. Your punch misses the scorpion.
The scorpion is severely wounded.
You feel very sick. The scorpion stings you.
You are more poisoned.
The scorpion poisons you!
Casting: Foxfire (safe; 5% risk of failure)
Confirm with . or Enter, or press ? or * to list all spells.
You feel a surge of power!
You miscast Foxfire.
You are very lightly contaminated with residual magic.
Nothing appears to happen.
* * * LOW HITPOINT WARNING * * *
You feel very sick. The scorpion closely misses you.
You barely miss the scorpion. Your headbutt misses the scorpion.
The scorpion is severely wounded.
* * * LOW HITPOINT WARNING * * *
You feel very sick. The scorpion stings you.
You die...
Your body rises from the dead as a mindless zombie.

###....# ####.#####
###.# #.#... ..#.#
#######.#.# #.#.#
..........######...
#######.#.........# #
#...............# #..
#.....#.........#
ยง...
#.....#.######@s##)..#
#######...####......#
#......###.##.##
#....#.###.##.#
#....#.#......#
#....#...###......
#....##>## ......
#....##.# #####
#######.#


You could see a scorpion.

Vanquished Creatures
  3 adders
  A worm (D:2)
  2 dart slugs
  3 ball pythons
  4 bats
  An endoplasm (D:3)
  5 goblins
  7 hobgoblins
  A quokka (D:1)
  5 frilled lizards
  2 kobolds
  6 rats
40 creatures vanquished.

Vanquished Creatures (collateral kills)
  4 hobgoblins (D:2)
4 creatures vanquished.

Vanquished Creatures (others)
  An adder zombie (D:2)
  A bat zombie (D:2)
  A giant cockroach zombie (D:2)
  A goblin zombie (D:2)
  2 hobgoblin zombies (D:2)
  155 foxfires
161 creatures vanquished.

Grand Total: 205 creatures vanquished

Notes
Turn   | Place    | Note
-------+----------+-------------------------------------------
     0 | D:1      | javelincjr the Demonspawn Fire Elementalist began the quest
                  | for the Orb.
     0 | D:1      | Reached XP level 1. HP: 13/13 MP: 3/3
   275 | D:1      | Gained mutation: A weak demonic guardian rushes to your
                  | aid. [demonic ancestry]
   275 | D:1      | Reached XP level 2. HP: 19/19 MP: 1/5
  1168 | D:2      | Reached skill level 3 in Fire Magic
  1168 | D:2      | Gained mutation: You are partially covered in slimy green
                  | scales. (AC +2) [demonic ancestry]
  1168 | D:2      | Reached XP level 3. HP: 24/24 MP: 2/6
  1260 | D:2      | Found a faded altar of an unknown god.
  1280 | D:2      | Prayed at the altar of an unknown god.
  1280 | D:2      | Became a worshipper of Yredelemnul the Dark
  1280 | D:2      | Reached * piety under Yredelemnul
  1404 | D:2      | Found a shimmering altar of Xom.
  2090 | D:3      | Gained mutation: You have a pair of small horns on your
                  | head. [demonic ancestry]
  2090 | D:3      | Reached XP level 4. HP: 30/30 MP: 1/7
  2630 | D:4      | Noticed a scorpion
  2644 | D:4      | HP: 1/30 [poisoned by a scorpion]
  2644 | D:4      | Slain by a scorpion

Illustrated notes

Levels and vault maps discovered:
D:1:      giann_horns, layout_rooms, nicolae_concentric_dashed_squares_mild,
          wander_ebering_terrifying_dragon_lair
D:2:      cheibrodos_greedy_goblins, layout_basic, basic_altar,
          shapermc_ecumenical_altar_gd
D:3:      layout_basic
D:4:      kennysheep_the_goblin_king, layout_basic, minmay_cupped

Skill      XL: |  1  2  3  4 |
---------------+-------------+-----
Stealth        | 2 |  2.4
Dodging        | 2 |  2.3
Fire Magic     | 3 |  3.1
Conjurations   | 2 |  2.0
Spellcasting   | |  2.6

Action                     |  1- 3 |  4- 6 || total
---------------------------+-------+-------++-------
  Melee: Unarmed           |     2 |       ||     2
         Dagger            |    21 |     7 ||    28
   Cast: Foxfire           |    71 |    19 ||    90
 Armour: Robe              |     4 |     4 ||     8
  Dodge: Dodged            |     7 |     7 ||    14
